 Dungeon Crawl Stone Soup version 0.17.1-3-g152610e (webtiles) character file.

1205 Jerry the Cudgeler (level 8, -1/60 HPs)
             Began as a Demigod Gladiator on Apr 1, 2016.
             Slain by an orc warrior
             ... wielding a cursed -2 glaive
              (15 damage)
             ... on level 6 of the Dungeon.
             The game lasted 00:20:53 (5043 turns).

Jerry the Cudgeler (Demigod Gladiator)              Turns: 5043, Time: 00:20:53

Health: -1/60      AC: 13    Str: 25    XL:     8   Next: 1%
Magic:  12/12      EV: 11    Int: 12    God:
Gold:   298        SH:  0    Dex: 16    Spells: 0 memorised, 7 levels left

rFire  . . .     SeeInvis .     a - +0 flail
rCold  . . .     Clarity  .     y - +0 chain mail
rNeg   . . .     SustAt   +     (no shield)
rPois  +         Gourm    .     c - +1 helmet
rElec  .         Spirit   .     (no cloak)
rCorr  .         Warding  .     x - +0 pair of gloves
rMut   .         Stasis   .     (no boots)
MR     .....                    (no amulet)
Stlth  ..........               D - ring of poison resistance
                                q - +3 ring of strength

@: not resistant to hostile enchantments, extremely unstealthy
A: high mp 1, sustain attributes
a: no special abilities


You were on level 6 of the Dungeon.
You were near starving.

You visited 1 branch of the dungeon, and saw 6 of its levels.

You collected 298 gold pieces.

Inventory:

Hand Weapons
 a - a +0 flail (weapon)
Armour
 b - a +0 leather armour
 c - a +1 helmet (worn)
 x - a +0 pair of gloves (worn)
 y - a +0 chain mail (worn)
Jewellery
 h - a +4 ring of intelligence
 q - a +3 ring of strength (left hand)
 v - an uncursed ring of invisibility
 D - a ring of poison resistance (right hand)
Wands
 g - a wand of digging (9)
Scrolls
 i - 2 scrolls of teleportation
 n - 2 scrolls of blinking
 p - 2 scrolls of identify
 u - a scroll of recharging {unknown}
 w - 3 scrolls of immolation {unknown}
 z - a scroll of fear {unknown}
Potions
 d - a potion of flight
 f - a potion of brilliance
 j - 4 potions of curing
 k - 2 potions of heal wounds
 A - 3 potions of might {unknown}
 C - a potion of agility {unknown}
Comestibles
 e - 5 bread rations
 l - 5 meat rations
 m - 2 royal jellies
 r - 2 beef jerkies
 s - 9 fruits


   Skills:
 - Level 1.7 Fighting
 + Level 5.7 Maces & Flails
 - Level 2.5 Throwing
 + Level 4.4 Armour
 + Level 5.4 Dodging
 + Level 2.5 Evocations


You had 7 spell levels left.
You didn't know any spells.

Dungeon Overview and Level Annotations

Branches:
Dungeon (6/15)             Temple (0/1) D:4

Annotations:
D:5 Peloso's ghost, novice MiFi


Innate Abilities, Weirdness & Mutations

You have an increased reservoir of magic (+10% MP).
Your attributes are resistant to harm.


Message History

You have reached level 8!
The orc warrior hits you from afar with a glaive!
* * * LOW HITPOINT WARNING * * *
Items here: ))) [[[ † You hit the orc warrior but do no damage.
The orc warrior is lightly wounded.
The orc warrior barely misses you.
You closely miss the orc warrior.
The orc warrior is lightly wounded.
The orc warrior hits you but does no damage.
You hit the orc warrior.
The orc warrior is moderately wounded.
The orc warrior hits you but does no damage.
You hit the orc warrior.
The orc warrior is moderately wounded.
The orc warrior barely misses you.
You hit the orc warrior but do no damage.
The orc warrior is moderately wounded.
The orc warrior hits you with a glaive!
You die...

....### #.....# ..#
#.....#### ..#
#........# ..# #..
#........# ..# ...
###+#....# ..# ##
#.#....# ..#
###.#....########.#
#...............@o#
#.#.###############
#####
#.#.............#
.....
#.#############.#
#######
#...............#
.......
#################
###### #.... #....
#####


You could see an orc warrior.

Vanquished Creatures
  A human (D:4)
  Menkaure (D:5)
  A black bear (D:4)
  An ogre (D:4)
  A centaur (D:5)
  A scorpion (D:4)
  A crimson imp (D:5)
  A human zombie (D:4)
  2 jellies
  A centaur skeleton (D:4)
  A giant frog skeleton (D:6)
  5 orc wizards
  4 worker ants
  A hound skeleton (D:5)
  A worker ant zombie (D:5)
  A gnoll (D:1)
  9 adders
  An ooze (D:1)
  An adder zombie (D:5)
  3 worms
  2 giant geckos (D:4)
  7 orcs
  6 bats
  8 giant cockroaches
  13 goblins
  5 hobgoblins
  6 kobolds
  4 giant newts
  A goblin skeleton (D:4)
  10 jackals
  7 rats
107 creatures vanquished.

Vanquished Creatures (others)
  A quokka (D:4)
1 creature vanquished.

Grand Total: 108 creatures vanquished

Notes
Turn   | Place    | Note
--------------------------------------------------------------
     0 | D:1      | Jerry the Demigod Gladiator began the quest for the Orb.
     0 | D:1      | Reached XP level 1. HP: 17/17 MP: 3/3
   163 | D:1      | Reached XP level 2. HP: 15/24 MP: 4/4
   325 | D:1      | Reached skill level 3 in Maces & Flails
   652 | D:1      | Reached XP level 3. HP: 29/29 MP: 5/5
   788 | D:1      | Reached skill level 1 in Armour
  1549 | D:2      | Reached XP level 4. HP: 36/36 MP: 6/6
  2606 | D:3      | Noticed an ogre
  2649 | D:4      | Noticed an ogre
  2717 | D:4      | Reached XP level 5. HP: 30/41 MP: 7/7
  2735 | D:4      | Reached skill level 4 in Maces & Flails
  2858 | D:4      | Found a runed door.
  2858 | D:4      | Noticed a human
  2863 | D:4      | Found a basalt altar of Yredelemnul.
  2920 | D:4      | Killed an ogre
  2920 | D:4      | Reached XP level 6. HP: 48/48 MP: 8/8
  2941 | D:4      | Killed a human
  2984 | D:4      | Found a white marble altar of Elyvilon.
  3189 | D:4      | Found a staircase to the Ecumenical Temple.
  3393 | D:4      | Noticed a black bear
  3400 | D:4      | Killed a black bear
  3400 | D:4      | Reached skill level 5 in Maces & Flails
  3400 | D:4      | Reached XP level 7. HP: 47/53 MP: 9/9
  3453 | D:5      | Entered Level 5 of the Dungeon
  3621 | D:5      | Reached skill level 1 in Evocations
  3636 | D:5      | Reached skill level 5 in Dodging
  3954 | D:5      | Noticed Menkaure
  3986 | D:5      | Killed Menkaure
  4048 | D:5      | Noticed Peloso's ghost (novice MiFi)
  4439 | D:5      | HP: 2/53 [Peloso's ghost (10)]
  5037 | D:6      | Reached XP level 8. HP: 22/60 MP: 12/12
  5043 | D:6      | Slain by an orc warrior

Action                   |  1- 3 |  4- 6 |  7- 9 || total
-------------------------+-------+-------+-------++-------
Melee: Flail             |   115 |   181 |   140 ||   436
Throw: Throwing net      |     5 |     2 |       ||     7
       Tomahawk          |       |       |     3 ||     3
  Use: Scroll            |       |     9 |       ||     9
       Potion            |       |     4 |     3 ||     7
 Stab: Sleeping          |     2 |       |       ||     2
       Held in net/web   |     1 |       |       ||     1
  Eat: Chunk             |     2 |     6 |     4 ||    12
